NCAA
NEVADA LAS VEGAS REBELS @ FLORIDA STATE SEMINOLES
02/29/2060
 
TOP OF THE 1ST
Nevada Las Vegas Rebels batting - Pitching for Florida State Seminoles : LHP Alexzander Billings
Pitching: LHP Alexzander Billings
Batting: LHB Stuart Jugo 0-0: Ball
1-0: Ball
2-0: Fly out, F8 (Flyball, 8RXD, EV 103.8 MPH)
Batting: LHB Earl Salazar 0-0: Ball
1-0: Called Strike
1-1: Ball
2-1: Swinging Strike
2-2: Foul Ball, location: 2F
2-2: Ground out 5-3 (Groundball, 5, EV 83.1 MPH)
Batting: RHB Luke Fridell 0-0: Called Strike
0-1: Ground out 5-3 (Groundball, 5L, EV 81.9 MPH)
Top of the 1st over - 0 runs, 0 hits, 0 errors, 0 left on base; Nevada Las Vegas 0 - Florida State 0
BOTTOM OF THE 1ST
Florida State Seminoles batting - Pitching for Nevada Las Vegas Rebels : LHP Chas Gutsche
Pitching: LHP Chas Gutsche
Batting: RHB Bailey Bagwell 0-0: Ball
1-0: Ball
2-0: Fly out, F8 (Flyball, 8LD, EV 101.9 MPH)
Batting: SHB Braden Metzen 0-0: Ball
1-0: Foul Ball, location: 2F
1-1: Ball
2-1: Foul Ball, location: 2F
2-2: Strikes out swinging
Batting: RHB Mason Camillo 0-0: SINGLE (Line Drive, 7S, EV 91.2 MPH)
Batting: RHB Bryant Addison 0-0: Called Strike
0-1: Ball
1-1: Fly out, F9 (Flyball, 9LS, EV 77.5 MPH)
Bottom of the 1st over - 0 runs, 1 hit, 0 errors, 1 left on base; Nevada Las Vegas 0 - Florida State 0
TOP OF THE 2ND
Nevada Las Vegas Rebels batting - Pitching for Florida State Seminoles : LHP Alexzander Billings
Batting: LHB Evan Olsen 0-0: Ball
1-0: Foul Ball, location: 2F
1-1: Ball
2-1: Called Strike
2-2: Ground out 4-3 (Groundball, 4M, EV 87.5 MPH)
Batting: RHB R.J. Anteau 0-0: Called Strike
0-1: Ball
1-1: DOUBLE (Flyball, 89XD, EV 105.6 MPH)
Batting: RHB Wes Keel 0-0: Ball
1-0: Ball
2-0: Foul Ball, location: 2F
2-1: Ground out 3-1 (Groundball, 34S, EV 85.0 MPH)
R.J. Anteau to third
Batting: RHB Johnathan Sepe 0-0: Swinging Strike
0-1: Swinging Strike
0-2: Ball
1-2: Ball
2-2: Strikes out swinging
Top of the 2nd over - 0 runs, 1 hit, 0 errors, 1 left on base; Nevada Las Vegas 0 - Florida State 0
BOTTOM OF THE 2ND
Florida State Seminoles batting - Pitching for Nevada Las Vegas Rebels : LHP Chas Gutsche
Batting: RHB Drew Waters 0-0: Fly out, F9 (Flyball, 9LS, EV 91.9 MPH)
Batting: RHB Charlie Lowe 0-0: Ball
1-0: Ball
2-0: SINGLE (Groundball, 6MD, EV 95.0 MPH)
Batting: LHB Lamar Wilson 0-0: Ball
1-0: Fly out, F8 (Flyball, 8LD, EV 95.0 MPH)
Batting: RHB Kyle Christie 0-0: Foul Ball, location: 2F
0-1: Ball
1-1: Swinging Strike
1-2: Strikes out looking
Bottom of the 2nd over - 0 runs, 1 hit, 0 errors, 1 left on base; Nevada Las Vegas 0 - Florida State 0
TOP OF THE 3RD
Nevada Las Vegas Rebels batting - Pitching for Florida State Seminoles : LHP Alexzander Billings
Batting: RHB Cash Quinlan 0-0: Foul Ball, location: 2F
0-1: Called Strike
0-2: Ball
1-2: Strikes out swinging
Batting: LHB Kane Drennen 0-0: Ball
1-0: Ball
2-0: Ball
3-0: Base on Balls
Batting: LHB Stuart Jugo 0-0: SINGLE (Popup, 2L, EV 91.9 MPH)
Kane Drennen to second
Batting: LHB Earl Salazar 0-0: Called Strike
Kane Drennen is caught stealing 3rd base 2-5
Stuart Jugo to second
0-1: Ground out U3 (Groundball, 13, EV 85.0 MPH)
Top of the 3rd over - 0 runs, 1 hit, 0 errors, 1 left on base; Nevada Las Vegas 0 - Florida State 0
BOTTOM OF THE 3RD
Florida State Seminoles batting - Pitching for Nevada Las Vegas Rebels : LHP Chas Gutsche
Batting: RHB DeShone Morbidelli 0-0: Foul Ball, location: 2F
0-1: Ball
1-1: Ball
2-1: SINGLE (Flyball, 89S, EV 89.4 MPH)
Batting: RHB Bailey Bagwell 0-0: Foul Ball, location: 2F
0-1: Ball
1-1: Ball
2-1: SINGLE (Groundball, 23, EV 67.5 MPH) (infield hit)
DeShone Morbidelli to second
Batting: SHB Braden Metzen 0-0: Ball
1-0: Fly out, F8 (Flyball, 8RD, EV 88.8 MPH)
Batting: RHB Mason Camillo 0-0: Called Strike
0-1: Ball
1-1: Ball
2-1: Ball
3-1: Called Strike
3-2: Base on Balls
DeShone Morbidelli to third
Bailey Bagwell to second
Batting: RHB Bryant Addison 0-0: Foul Ball, location: 2F
0-1: Foul Ball, location: 2F
0-2: Foul Ball, location: 2F
0-2: Fly out, F7 (Flyball, 7, EV 91.9 MPH)
Runner from 3rd tags up, SCORES, throw by LF
Batting: RHB Drew Waters 0-0: Called Strike
0-1: Ball
1-1: Foul Ball, location: 2F
1-2: Fielders Choice at 2nd, 5-4 (Groundball, 56, EV 86.9 MPH)
Bottom of the 3rd over - 1 run, 2 hits, 0 errors, 2 left on base; Nevada Las Vegas 0 - Florida State 1
TOP OF THE 4TH
Nevada Las Vegas Rebels batting - Pitching for Florida State Seminoles : LHP Alexzander Billings
Batting: RHB Luke Fridell 0-0: Ball
1-0: Ball
2-0: Fly out, F4 (Line Drive, 4, EV 68.1 MPH)
Batting: LHB Evan Olsen 0-0: Foul Ball, location: 2F
0-1: Called Strike
0-2: SINGLE (Flyball, 5D, EV 95.6 MPH)
Batting: RHB R.J. Anteau 0-0: Ball
1-0: Ball
2-0: SINGLE (Groundball, 56D, EV 96.9 MPH)
Evan Olsen to second
Batting: RHB Wes Keel 0-0: Grounds into double play, 6-4-3 (Groundball, 6, EV 89.4 MPH)
Top of the 4th over - 0 runs, 2 hits, 0 errors, 1 left on base; Nevada Las Vegas 0 - Florida State 1
BOTTOM OF THE 4TH
Florida State Seminoles batting - Pitching for Nevada Las Vegas Rebels : LHP Chas Gutsche
Batting: RHB Charlie Lowe 0-0: Ball
1-0: Swinging Strike
1-1: Called Strike
1-2: Ball
2-2: Fly out, F9 (Line Drive, 89M, EV 84.4 MPH)
Batting: LHB Lamar Wilson 0-0: Ball
1-0: Fly out, F7 (Flyball, 78M, EV 90.6 MPH)
Batting: RHB Kyle Christie 0-0: Called Strike
0-1: Swinging Strike
0-2: Foul Ball, location: 2F
0-2: Ball
1-2: Ground out 6-3 (Groundball, 6, EV 81.9 MPH)
Bottom of the 4th over - 0 runs, 0 hits, 0 errors, 0 left on base; Nevada Las Vegas 0 - Florida State 1
TOP OF THE 5TH
Nevada Las Vegas Rebels batting - Pitching for Florida State Seminoles : LHP Alexzander Billings
Batting: RHB Johnathan Sepe 0-0: Fly out, F9 (Flyball, 9D, EV 103.8 MPH)
Batting: RHB Cash Quinlan 0-0: Ball
1-0: Ball
2-0: Called Strike
2-1: Foul Ball, location: 2F
2-2: SOLO HOME RUN (Flyball, 78XD, EV 104.4 MPH), Distance : 409 ft
Batting: LHB Kane Drennen 0-0: Reached on error, E8 (Line Drive, 8RM, EV 92.5 MPH)
Batting: LHB Stuart Jugo 0-0: Ball
1-0: Foul Ball, location: 2F
1-1: Ball
Kane Drennen steals 3rd base
2-1: Foul Ball, location: 2F
2-2: Strikes out swinging
Batting: LHB Earl Salazar 0-0: Called Strike
0-1: Ground out 4-3 (Groundball, 4M, EV 103.8 MPH)
Top of the 5th over - 1 run, 1 hit, 1 error, 1 left on base; Nevada Las Vegas 1 - Florida State 1
BOTTOM OF THE 5TH
Florida State Seminoles batting - Pitching for Nevada Las Vegas Rebels : LHP Chas Gutsche
Batting: RHB DeShone Morbidelli 0-0: Called Strike
0-1: SINGLE (Line Drive, 4D, EV 108.8 MPH)
Batting: RHB Bailey Bagwell 0-0: Sac Bunt to 2R - play at first, batter OUT! 2-3
DeShone Morbidelli to second
Batting: SHB Braden Metzen 0-0: Ball
1-0: Fly out, F8 (Line Drive, 8RM, EV 92.5 MPH)
Batting: RHB Mason Camillo 0-0: Ball
1-0: Foul Ball, location: 2F
1-1: Ball
2-1: Swinging Strike
2-2: Ball
3-2: SINGLE (Groundball, 4D, EV 95.6 MPH)
DeShone Morbidelli to third
Runner from 3rd tries for Home, SAFE, throw by CF to home
Batting: RHB Bryant Addison 0-0: DOUBLE (Groundball, 5L, EV 106.9 MPH)
Mason Camillo to third
Batting: RHB Drew Waters 0-0: Reached via error on a dropped throw from 1B, E1 (Groundball, 34, EV 87.5 MPH)
Mason Camillo scores
Bryant Addison to third
Batting: RHB Charlie Lowe 0-0: Called Strike
0-1: Fly out, F9 (Flyball, 89S, EV 88.1 MPH)
Bottom of the 5th over - 2 runs, 3 hits, 1 error, 2 left on base; Nevada Las Vegas 1 - Florida State 3
TOP OF THE 6TH
Nevada Las Vegas Rebels batting - Pitching for Florida State Seminoles : LHP Alexzander Billings
Batting: RHB Luke Fridell 0-0: Called Strike
0-1: SOLO HOME RUN (Flyball, 7LD, EV 93.8 MPH), Distance : 347 ft
Batting: LHB Evan Olsen 0-0: Ball
1-0: Called Strike
1-1: Ball
2-1: SINGLE (Flyball, 7S, EV 88.1 MPH)
Batting: RHB R.J. Anteau 0-0: Foul Ball, location: 2F
0-1: Called Strike
0-2: Ball
1-2: Fly out, F9 (Flyball, 89S, EV 90.6 MPH)
Batting: RHB Wes Keel 0-0: Ball
Evan Olsen steals 2nd base
1-0: Ground out 3-1 (Groundball, 34, EV 105.0 MPH)
Evan Olsen to third
Batting: RHB Johnathan Sepe 0-0: Called Strike
0-1: Swinging Strike
0-2: DOUBLE (Line Drive, 78D, EV 110.0 MPH)
Evan Olsen scores
Batting: RHB Cash Quinlan 0-0: Reached on error, E6 (Groundball, 6, EV 76.2 MPH)
Johnathan Sepe to third
Batting: LHB Kane Drennen 0-0: Ball
1-0: SINGLE (Groundball, 4MD, EV 101.9 MPH)
Johnathan Sepe scores
Cash Quinlan to second
Batting: LHB Stuart Jugo 0-0: Fly out, F9 (Flyball, 9, EV 93.1 MPH)
Top of the 6th over - 3 runs, 4 hits, 1 error, 2 left on base; Nevada Las Vegas 4 - Florida State 3
BOTTOM OF THE 6TH
Florida State Seminoles batting - Pitching for Nevada Las Vegas Rebels : LHP Chas Gutsche
Batting: LHB Lamar Wilson 0-0: Ball
1-0: Foul Ball, location: 2F
1-1: SINGLE (Groundball, 56S, EV 75.0 MPH) (infield hit)
Batting: RHB Kyle Christie 0-0: Ball
1-0: Called Strike
Lamar Wilson is caught stealing 2nd base 2-4
1-1: Foul Ball, location: 2F
1-2: Ball
2-2: Ground out 4-3 (Groundball, 4S, EV 83.1 MPH)
Batting: RHB DeShone Morbidelli 0-0: Called Strike
0-1: SINGLE (Groundball, 3D, EV 94.4 MPH)
Batting: RHB Bailey Bagwell 0-0: Ball
1-0: Foul Ball, location: 2F
1-1: Ball
2-1: Ball
3-1: Foul Ball, location: 2F
3-2: Fly out, F8 (Flyball, 78D, EV 98.8 MPH)
Bottom of the 6th over - 0 runs, 2 hits, 0 errors, 1 left on base; Nevada Las Vegas 4 - Florida State 3
TOP OF THE 7TH
Nevada Las Vegas Rebels batting - Pitching for Florida State Seminoles : LHP Alexzander Billings
Batting: LHB Earl Salazar 0-0: Ball
1-0: Ball
2-0: Foul Ball, location: 2F
2-1: Ball
3-1: Ground out 5-3 (Groundball, 5L, EV 100.0 MPH)
Pitching: RHP Camden Powell
Batting: RHB Luke Fridell 0-0: Foul Ball, location: 2F
0-1: Hit by Pitch
Batting: LHB Evan Olsen 0-0: Ball
1-0: Ball
Luke Fridell is caught stealing 2nd base 2-6
2-0: Ground out U3 (Groundball, 3, EV 98.1 MPH)
Top of the 7th over - 0 runs, 0 hits, 0 errors, 0 left on base; Nevada Las Vegas 4 - Florida State 3
BOTTOM OF THE 7TH
Florida State Seminoles batting - Pitching for Nevada Las Vegas Rebels : LHP Chas Gutsche
Pitching: LHP Martin Trono
Batting: SHB Braden Metzen 0-0: Ball
1-0: Fly out, F8 (Flyball, 89D, EV 103.1 MPH)
Batting: RHB Mason Camillo 0-0: Ball
1-0: Ball
2-0: Foul Ball, location: 2F
2-1: Foul Ball, location: 2F
2-2: Ball
3-2: SINGLE (Flyball, 7LD, EV 92.5 MPH)
Batting: RHB Bryant Addison 0-0: Called Strike
0-1: Ball
1-1: Fly out, F4 (Popup, 34D, EV 70.0 MPH)
Batting: RHB Drew Waters 0-0: Ball
1-0: Ball
Mason Camillo steals 2nd, throwing error, E2
Mason Camillo to third
2-0: Ball
3-0: Called Strike
3-1: TRIPLE (Flyball, 78XD, EV 93.8 MPH)
Mason Camillo scores
Batting: RHB Charlie Lowe 0-0: Ball
1-0: Called Strike
1-1: SINGLE (Flyball, 78S, EV 85.6 MPH)
Drew Waters scores
Batting: LHB Lamar Wilson 0-0: Ball
1-0: Ball
2-0: Ground out 1-3 (Groundball, 13S, EV 68.1 MPH)
Bottom of the 7th over - 2 runs, 3 hits, 1 error, 1 left on base; Nevada Las Vegas 4 - Florida State 5
TOP OF THE 8TH
Nevada Las Vegas Rebels batting - Pitching for Florida State Seminoles : RHP Camden Powell
Batting: RHB R.J. Anteau 0-0: Ball
1-0: Called Strike
1-1: Ball
2-1: SINGLE (Groundball, 56D, EV 108.8 MPH)
Pitching: RHP Caleb Schier
Batting: RHB Wes Keel 0-0: Bunt - Flyout to 3S! F3
Pinch Hitting: LHB Joey Mastrostefano 0-0: Ball
1-0: Ball
2-0: Bunted foul
2-1: Bunted foul
2-2: Foul Ball, location: 2F
2-2: Grounds into double play, 4-6-3 (Groundball, 4S, EV 82.5 MPH)
Top of the 8th over - 0 runs, 1 hit, 0 errors, 0 left on base; Nevada Las Vegas 4 - Florida State 5
BOTTOM OF THE 8TH
Florida State Seminoles batting - Pitching for Nevada Las Vegas Rebels : LHP Martin Trono
Now at 2B: Talon Osuna
Batting: RHB Kyle Christie 0-0: Ground out 5-3 (Groundball, 15, EV 88.8 MPH)
Batting: RHB DeShone Morbidelli 0-0: Ball
1-0: Called Strike
1-1: SOLO HOME RUN (Flyball, 78XD, EV 98.8 MPH), Distance : 405 ft
Pitching: RHP Chance Koegler
Batting: RHB Bailey Bagwell 0-0: Ball
1-0: Ball
2-0: Ball
3-0: Base on Balls
Batting: SHB Braden Metzen 0-0: Ball
1-0: Ball
2-0: SINGLE (Groundball, 34D, EV 76.2 MPH) (infield hit)
Bailey Bagwell to second
Batting: RHB Mason Camillo 0-0: Foul Ball, location: 2F
0-1: Ball
1-1: Ball
2-1: Called Strike
2-2: SINGLE (Line Drive, 7S, EV 96.9 MPH)
Bailey Bagwell to third
Braden Metzen to second
Runner from 3rd tries for Home, SAFE, throw by LF to home
Batting: RHB Bryant Addison 0-0: Called Strike
0-1: Called Strike
0-2: Foul Ball, location: 2F
0-2: Strikes out looking
Batting: RHB Drew Waters 0-0: Swinging Strike
0-1: Ball
1-1: Ball
2-1: Foul Ball, location: 2F
2-2: Ball
3-2: Base on Balls
Braden Metzen to third
Mason Camillo to second
Batting: RHB Charlie Lowe 0-0: Ball
1-0: Called Strike
1-1: Fly out, F8 (Flyball, 8RXD, EV 104.4 MPH)
Bottom of the 8th over - 2 runs, 3 hits, 0 errors, 3 left on base; Nevada Las Vegas 4 - Florida State 7
TOP OF THE 9TH
Nevada Las Vegas Rebels batting - Pitching for Florida State Seminoles : RHP Caleb Schier
Pitching: LHP Gary Brothers
Batting: RHB Cash Quinlan 0-0: Ball
1-0: Called Strike
1-1: Fly out, F7 (Flyball, 7D, EV 93.8 MPH)
Pinch Hitting: RHB Sean Leonard 0-0: SINGLE (Groundball, 34D, EV 105.0 MPH)
Batting: LHB Stuart Jugo 0-0: Ball
1-0: Ball
2-0: Foul Ball, location: 2F
2-1: Fly out, F6 (Popup, 4MD, EV 72.5 MPH)
Batting: LHB Earl Salazar 0-0: Ball
1-0: Called Strike
1-1: Foul Ball, location: 2F
1-2: Ball
2-2: Foul Ball, location: 2F
2-2: SINGLE (Groundball, 6MD, EV 110.0 MPH)
Sean Leonard to second
Batting: RHB Luke Fridell 0-0: Hit by Pitch
Sean Leonard to third
Earl Salazar to second
Batting: LHB Evan Olsen 0-0: Foul Ball, location: 2F
0-1: Ball
1-1: Ball
2-1: GRAND SLAM HOME RUN (Flyball, 89XD, EV 98.1 MPH), Distance : 398 ft
Pitching: RHP James Egan
Batting: RHB R.J. Anteau 0-0: Ball
1-0: Called Strike
1-1: Swinging Strike
1-2: Strikes out looking
Top of the 9th over - 4 runs, 3 hits, 0 errors, 0 left on base; Nevada Las Vegas 8 - Florida State 7
BOTTOM OF THE 9TH
Florida State Seminoles batting - Pitching for Nevada Las Vegas Rebels : RHP Chance Koegler
Pitching: RHP Jamie Schoettmer
Now at 2B: Sean Leonard
Now at SS: Talon Osuna
Pinch Hitting: RHB Blake Struth 0-0: Called Strike
0-1: Ball
1-1: Foul Ball, location: 2F
1-2: Foul Ball, location: 2F
1-2: Ground out 6-3 (Groundball, 6, EV 103.8 MPH)
Pinch Hitting: LHB Garett Thomas 0-0: Ball
1-0: Ball
2-0: Ground out U3 (Groundball, 3, EV 90.0 MPH)
Pinch Hitting: LHB Dalton McHale 0-0: Called Strike
0-1: Foul Ball, location: 2F
0-2: Ball
1-2: Ball
2-2: SINGLE (Groundball, 25, EV 66.9 MPH) (infield hit)
Batting: RHB Bailey Bagwell 0-0: Called Strike
0-1: Fly out, F9 (Flyball, 9, EV 90.0 MPH)
Bottom of the 9th over - 0 runs, 1 hit, 0 errors, 1 left on base; Nevada Las Vegas 8 - Florida State 7
Tuesday, April 16th , 2024 - OOTP Baseball 23.10 Build 110